 Dungeon Crawl Stone Soup version 0.30-a0-364-gf6b3ef1049 (webtiles) character file.

Game seed: 4004679508928033182

22 Colgate the Insei (level 2, -2/18 HPs)
             Began as an Octopode Transmuter on Nov 15, 2022.
             Was a Follower of Elyvilon.
             Slain by a gnoll
             ... wielding a +0 spear
              (4 damage)
             ... on level 1 of the Dungeon.
             The game lasted 00:02:09 (1457 turns).

Colgate the Insei (Octopode Transmuter)             Turns: 1457, Time: 00:02:09

Health: -2/18      AC:  1    Str:  9    XL:     2   Next: 91%
Magic:  5/5        EV: 13    Int: 15    God:    Elyvilon [*.....]
Gold:   24         SH:  0    Dex: 12    Spells: 4/5 levels left

rFire   . . .      SeeInvis .      - Unarmed
rCold   . . .      Faith    .    (no shield)
rNeg    . . .      Spirit   .    (helmet restricted)
rPois   .          Reflect  .    (no amulet)
rElec   .          Harm     .    (no ring)
rCorr   .          Rampage  .    (no ring)
Will    .....                    (no ring)
Stlth   ++........               (no ring)
HPRegen 0.23/turn                (no ring)
MPRegen 0.09/turn                (no ring)
                                 (no ring)
                                 (no ring)

@: no status effects
A: almost no armour, amphibious, 8 rings, camouflage 1, gelatinous body 1,
(nimble swimmer 1), tentacles
a: Renounce Religion, Purification


You were on level 1 of the Dungeon.
You worshipped Elyvilon.
Elyvilon was aware of your devotion.
You visited 1 branch of the dungeon, and saw 1 of its levels.

You collected 24 gold pieces.

Inventory:

Scrolls
 b - a scroll of teleportation {unknown}
Potions
 a - a potion of lignification
 c - a potion of haste {unknown}


   Skills:
 - Level 1.0 Fighting
 - Level 2.0 Dodging
 + Level 4.0 Unarmed Combat
 - Level 2.0 Spellcasting
 - Level 2.0 Transmutations


You had 4 spell levels left.
You knew the following spells:

 Your Spells              Type           Power      Damage    Failure   Level
a - Beastly Appendage     Tmut           14%        N/A       10%         1

Your spell library contained the following spells:

 Spells                   Type           Power      Damage    Failure   Level
 Wereblood                Tmut           7%         N/A       14%         2
 Spider Form              Tmut/Pois      4%         N/A       41%         3
 Ice Form                 Ice/Tmut       4%         N/A       82%         4


Dungeon Overview and Level Annotations

Branches:
Dungeon (1/15)

Altars:
Elyvilon


Innate Abilities, Weirdness & Mutations

You cannot wear most types of armour.
You are amphibious.
You can wear up to eight rings at the same time.
Your skin changes colour to match your surroundings (Stealth+).
Your rubbery body absorbs attacks. (AC +1, EV +1)
((You are camouflaged when in or above water. (Stealth+)))
You have tentacles for arms and can constrict up to eight enemies at once.


Message History

You tentacle-slap the goblin. Your grab misses the goblin.
You squeeze the goblin. The goblin barely misses you.
You tentacle-slap the goblin.
You kill the goblin!
The goblin shouts!
A gnoll comes into view. It is wielding a +0 spear.
Found a leather armour.
The ball python hisses angrily.
The gnoll shouts!
You tentacle-slap the rat.
You kill the rat!
Your Unarmed Combat skill increases to level 4!
Your transformation is almost over.
The goblin attacks as you move away! The goblin hits you with a +0 club.
There is an open door here.
The goblin attacks as you move away! The goblin hits you with a +0 club.
Casting: Beastly Appendage (safe; 10% risk of failure)
You don't know that spell.
You miss the goblin. Your grab misses the goblin.
Your tentacle spike misses the goblin.
The goblin barely misses you.
You tentacle-slap the goblin. You grab the goblin.
You pierce the goblin.
You kill the goblin!
You closely miss the ball python. Your grab misses the ball python.
Your tentacle spike misses the ball python.
You squeeze the ball python.
You kill the ball python!
The gnoll hits you from afar with a +0 spear.
The gnoll closely misses you.
There is an open door here.
Things that are here:
a +0 club; a ball python corpse You tentacle-slap the gnoll.
You grab the gnoll.
Your tentacle spike disappears.
You constrict the gnoll, but do no damage.
The gnoll hits you with a +0 spear.
* * * LOW HITPOINT WARNING * * *
You tentacle-slap the gnoll.
You constrict the gnoll, but do no damage.
The gnoll hits you with a +0 spear.
You die...

########.....#
.............#
########.....# .....#
#.....# ####### ####.#
#.....# ....... #..#.#
#.....# ####....... #..#.#
#.....# #..........
...#+###.....####..........
......##........@g.........
......#####+#.###..........
......# #.#.# #.)........
......# #.#.# #..........
......#####.#.# ...........
####.###....#.##.......?...
#...+....#.##..........[
########....#.##....##+####
...............#....#


You could see a gnoll.

Vanquished Creatures
  4 ball pythons (D:1)
  2 endoplasms (D:1)
  A giant cockroach (D:1)
  6 goblins (D:1)
  2 hobgoblins (D:1)
  6 rats (D:1)
21 creatures vanquished.

Notes
Turn   | Place    | Note
-------+----------+-------------------------------------------
     0 | D:1      | Colgate the Octopode Transmuter began the quest for the
                  | Orb.
     0 | D:1      | Reached XP level 1. HP: 13/13 MP: 3/3
   295 | D:1      | Reached XP level 2. HP: 18/18 MP: 3/5
  1146 | D:1      | Found a faded altar of an unknown god.
  1172 | D:1      | Prayed at the altar of an unknown god.
  1172 | D:1      | Became a worshipper of Elyvilon the Healer
  1172 | D:1      | Reached * piety under Elyvilon
  1448 | D:1      | Reached skill level 4 in Unarmed Combat
  1457 | D:1      | Slain by a gnoll

Illustrated notes

Levels and vault maps discovered:
D:1:      ncdulo_lavacross, layout_basic, shapermc_ecumenical_altar_ellora

Skill      XL: |  1  2 |
---------------+-------+-----
Unarmed Combat | 4 |  4.0
Fighting       | |  1.0
Dodging        | |  2.0
Spellcasting   | |  2.0
Transmutations | |  2.0

Action                   || total
-------------------------++-------
Melee: Unarmed           ||    40
       Constrict         ||     8
       Kick              ||     8
       Tentacles         ||     4
 Cast: Beastly Appendage ||    12
 Stab: Sleeping          ||     4
Armor: Skin              ||     1
Dodge: Dodged            ||    14

Table legend: (Time is in decaauts)
 A = Elapsed time spent in this place.
 B = Non-inter-level travel time spent in this place.
 C = Inter-level travel time spent in this place.
 D = Time resting spent in this place.
 E = Time spent auto-exploring this place.
 F = Levels seen in this place.
 G = Mean time per level.
                   A        B        C        D        E       F      G
               +--------+--------+--------+--------+--------+-----+--------+
         Total |   1454 |   1454 |      0 |      0 |   1319 |   1 | 1454.0 |
       Dungeon |   1454 |   1454 |      0 |      0 |   1319 |   1 | 1454.0 |
               +--------+--------+--------+--------+--------+-----+--------+

Top non-repeatable levels by time:
     D:1: 1454 daAuts
